 Dungeon Crawl Stone Soup version 0.27-a0-1301-g128193abf8 (webtiles) character file.

Game seed: 12819883402289563124

1466 Delamore the Spear-Bearer (level 9, -1/67 (68) HPs)
             Began as a Formicid Fighter on June 17, 2021.
             Was an Initiate of Gozag.
             Splashed by a jelly's acid (7 damage)
             ... on level 5 of the Dungeon.
             The game lasted 00:06:53 (7235 turns).

Delamore the Spear-Bearer (Formicid Fighter)        Turns: 7235, Time: 00:06:53

HP:   -1/67 (68)    AC: -3    Str: 25    XL:     9   Next: 6%
MP:   9/9           EV:  6    Int:  7    God:    Gozag
Gold: 174           SH: 10    Dex: 16    Spells: 8/8 levels left

rFire    . . .     SeeInvis +   a - +0 trident
rCold    . . .     Faith    .   c - +0 kite shield
rNeg     . . .     Spirit   .   m - +0 chain mail
rPois    .         Reflect  .   (helmet unavailable)
rElec    .         Harm     .   (no cloak)
rCorr    .         Rampage  .   s - +2 pair of gloves
Will     .....                  (no boots)
Stlth    ..........             (no amulet)
HPRegen  0.21/turn              e - +6 ring of dexterity
MPRegen  0.11/turn              n - ring of flight

@: corroded, flying, lightly drained
A: permanent stasis, dig shafts and tunnels, antennae 3, four strong arms
a: Dig, Shaft Self, Renounce Religion, Potion Petition, Call Merchant, Bribe
Branch


You were on level 5 of the Dungeon.
You worshipped Gozag.
Gozag was aware of your devotion.
You visited 2 branches of the dungeon, and saw 7 of its levels.

You collected 260 gold pieces.
You paid 86 gold pieces to Gozag.

Inventory:

Hand Weapons
 a - a +0 trident (weapon)
 g - a +1 dagger of venom
 l - a +1 vampiric short sword
Armour
 b - a +0 scale mail
 c - a +0 kite shield (worn)
 m - a +0 chain mail (worn)
 s - a +2 pair of gloves (worn)
Jewellery
 e - a +6 ring of dexterity (left hand)
 n - a ring of flight (right hand)
 q - a ring of magical power
Wands
 r - a wand of digging (6)
Scrolls
 j - a scroll of enchant weapon
 o - 2 scrolls of identify
 p - a scroll of amnesia
Potions
 d - a potion of might
 f - a potion of magic
 h - a potion of berserk rage
 i - 5 potions of curing
 k - 3 potions of brilliance


   Skills:
 - Level 5.0 Fighting
 * Level 10.2 Polearms
 - Level 3.2 Armour
 - Level 3.6 Shields


You had 8 spell levels left.
You didn't know any spells.
Your spell library contained the following spells:

 Spells                   Type           Power      Damage    Failure   Level
 Sandblast                Erth           0%         2d4       100%        1
 Passwall                 Tmut/Erth      0%         N/A       100%        2
 Stone Arrow              Conj/Erth      0%         3d7       100%        3
 Petrify                  Tmut/Erth      0%         N/A       100%        4
 Lee's Rapid Deconstruct  Erth           0%         3d5*      100%        5


Dungeon Overview and Level Annotations

Branches:
Dungeon (6/15)             Temple (1/1) D:5

Altars:
Dithmenos
Gozag
Kikubaaqudgha
Makhleb
Nemelex Xobeh
Okawaru
Sif Muna
Vehumet
Xom

Annotations:
D:6 Dowan, Duvessa


Innate Abilities, Weirdness & Mutations

You cannot be hasted, slowed, berserked, paralysed or teleported.
You can dig through walls and to a lower floor.
You have a pair of large antennae on your head. (SInv)
Your four strong arms can wield two-handed weapons with a shield.


Message History

You are too injured to fight recklessly!
You are too injured to fight recklessly!
You are too injured to fight recklessly!
You are too injured to fight recklessly!
You are too injured to fight recklessly!
You are too injured to fight recklessly!
You are too injured to fight recklessly!
You are too injured to fight recklessly!
Your +1 dagger of venom stops dripping with poison.
a - a +0 trident (weapon)
The jelly barely misses you.
You hit the jelly but do no damage. The acid corrodes you!
Your hands burn!
The jelly is heavily wounded.
You block the jelly's attack.
You hit the jelly but do no damage.
Your hands burn!
The jelly is heavily wounded.
You block the jelly's attack.
You hit the jelly but do no damage. The acid corrodes you!
Your hands burn!
The jelly is heavily wounded.
You block the jelly's attack.
You hit the jelly. The acid corrodes you!
Your hands burn!
The jelly is severely wounded.
You block the jelly's attack.
You hit the jelly.
Your hands burn!
* * * LOW HITPOINT WARNING * * *
The jelly is severely wounded.
The jelly hits you.
* * * LOW HITPOINT WARNING * * *
The acid corrodes you!
You are splashed with acid!
* * * LOW HITPOINT WARNING * * *
You hit the jelly but do no damage.
Your hands burn!
* * * LOW HITPOINT WARNING * * *
The jelly is severely wounded.
You barely miss the jelly.
The jelly is severely wounded.
The jelly hits you.
* * * LOW HITPOINT WARNING * * *
You are splashed with acid!
You die...
Your body crumbles into a pile of gold.

# #.###)..## #.# #.## #
#.##.....###.# #.# # ###
#.#..[....##.# #.### # ##.##
#.##.[...###.## #.... #
####.#.###.###.###.#...###..##
####...###.....#.## ##.........#
......## ##.#....# #..<.###..##
####.#.###.###..)## ##.#.## #....
# #.##.#.####..@.###....# ##....
# #.###.###.#.J..)...#### #.....
####.##...#.#.......########.....
...........#.#>[....##...........
####.##....#.#.###.###.######....
#.###.#.#.#.# #.# #.# ##...
#.###.#.#.#.###.###.##### ##..
#..........(.......#....# #..
######.############.###.####..


You could see a jelly.

Vanquished Creatures
  A centaur zombie (D:5)
  A black bear (D:5)
  A necrophage (D:5)
  A centaur (D:5)
  A phantom (D:5)
  Blork the orc (D:5)
  4 scorpions
  A water moccasin zombie (D:5)
  A wight (D:5)
  3 bullfrog skeletons
  2 orc priests
  A centaur skeleton (D:4)
  2 orc wizards (D:5)
  2 hound zombies (D:5)
  4 adders
  A gnoll (D:5)
  An ufetubus (D:5)
  3 worms
  4 dart slugs
  24 orcs
  3 ball pythons
  6 bats
  5 endoplasms
  A giant cockroach (D:3)
  7 goblins
  5 hobgoblins
  8 jackals (D:1)
  6 kobolds
  4 quokkas
  2 frilled lizards (D:1)
  6 rats
112 creatures vanquished.

Notes
Turn   | Place    | Note
-------+----------+-------------------------------------------
     0 | D:1      | Delamore the Formicid Fighter began the quest for the Orb.
     0 | D:1      | Reached XP level 1. HP: 18/18 MP: 1/1
    74 | D:1      | Reached XP level 2. HP: 24/24 MP: 2/2
   415 | D:1      | Reached XP level 3. HP: 23/30 MP: 3/3
   665 | D:1      | Reached skill level 3 in Polearms
  1477 | D:2      | Reached XP level 4. HP: 14/37 MP: 4/4
  2619 | D:3      | Reached skill level 4 in Polearms
  2900 | D:3      | Reached XP level 5. HP: 32/42 MP: 5/5
  3648 | D:4      | Reached skill level 5 in Polearms
  3651 | D:4      | Reached XP level 6. HP: 41/49 MP: 6/6
  4728 | D:5      | Entered Level 5 of the Dungeon
  4728 | D:5      | Noticed a necrophage
  4736 | D:5      | Reached skill level 5 in Fighting
  4736 | D:5      | Reached skill level 6 in Polearms
  4736 | D:5      | Reached XP level 7. HP: 43/56 MP: 7/7
  5146 | D:5      | Reached skill level 8 in Polearms
  5146 | D:5      | Reached XP level 8. HP: 27/62 MP: 8/8
  5370 | D:5      | Noticed Blork the orc
  5409 | D:5      | Killed Blork the orc
  5410 | D:5      | Reached skill level 9 in Polearms
  6083 | D:5      | Found a staircase to the Ecumenical Temple.
  6095 | Temple   | Entered the Ecumenical Temple
  6143 | Temple   | Became a worshipper of Gozag Ym Sagoz the Greedy
  6781 | D:6      | Noticed Dowan
  6781 | D:6      | Noticed Duvessa
  6817 | D:5      | Reached skill level 10 in Polearms
  6817 | D:5      | Reached XP level 9. HP: 11/64 MP: 9/9
  7235 | D:5      | Splashed by a jelly's acid

Illustrated notes

Levels and vault maps discovered:
D:1:      saegor_arrival_simple_b, layout_loops_ring
D:2:      kennysheep_big_flooded_room, layout_loops_ring,
          chequers_serial_rivers_room_b
D:3:      layout_basic
D:4:      layout_rooms, minmay_misc_feat_four_crosses
D:5:      layout_loops_ring, minmay_temple_entry_antechambers,
          lemuel_flame_loot_1, uniq_blork_the_orc
D:6:      layout_rooms, uniq_duvessa, uniq_crazy_yiuf_cottage
Temple:   regret_index_temple_chain_breaker

Skill      XL: |  1  2  3  4  5  6  7  8 |
---------------+-------------------------+-----
Polearms       | 3 4 5 6 8 10 | 10.2
Fighting       | 4 5 |  5.0
Armour         | |  3.2
Shields        | |  3.6

Action                   |  1- 3 |  4- 6 |  7- 9 || total
-------------------------+-------+-------+-------++-------
Melee: Trident           |   129 |       |    70 ||   199
       Dagger            |    17 |   180 |   175 ||   372
 Abil: Dig               |       |     8 |     8 ||    16
  Use: Scroll            |     1 |     4 |     5 ||    10
Armor: Scale mail        |    67 |    52 |       ||   119
       Chain mail        |       |    20 |   159 ||   179
Dodge: Dodged            |    62 |    51 |    94 ||   207
Block: Kite shield       |    98 |   110 |   152 ||   360

Table legend: (Time is in decaauts)
 A = Elapsed time spent in this place.
 B = Non-inter-level travel time spent in this place.
 C = Inter-level travel time spent in this place.
 D = Time resting spent in this place.
 E = Time spent auto-exploring this place.
 F = Levels seen in this place.
 G = Mean time per level.
                   A        B        C        D        E       F      G
               +--------+--------+--------+--------+--------+-----+--------+
         Total |   7356 |   7190 |    166 |   1939 |   4137 |   7 | 1050.9 |
       Dungeon |   7298 |   7151 |    147 |   1939 |   4100 |   6 | 1216.3 |
        Temple |     58 |     39 |     19 |      0 |     37 |   1 |   58.0 |
               +--------+--------+--------+--------+--------+-----+--------+

Top non-repeatable levels by time:
     D:5: 2180 daAuts
     D:4: 1342 daAuts
     D:1: 1263 daAuts
     D:2: 1180 daAuts
     D:3: 1028 daAuts
     D:6: 302 daAuts
  Temple: 58 daAuts
